 Dungeon Crawl Stone Soup version 0.21.1-1-g345015f (webtiles) character file.

12162 beigtais the Thaumaturge (level 11, -10/62 HPs)
             Began as a Deep Elf Conjurer on July 23, 2018.
             Was an Elder of Vehumet.
             Mangled by a six-headed hydra (16 damage)
             ... on level 11 of the Dungeon.
             The game lasted 01:59:29 (18477 turns).

beigtais the Thaumaturge (Deep Elf Conjurer)       Turns: 18477, Time: 01:59:30

Health: -10/62     AC: 11    Str:  5      XL:     11   Next: 58%
Magic:  3/29       EV: 17    Int: 26      God:    Vehumet [****..]
Gold:   763        SH:  0    Dex: 14 (15) Spells: 1/34 levels left

rFire    . . .     SeeInvis .   X - +2 long sword
rCold    + . .     Gourm    .   (no shield)
rNeg     . . .     Faith    .   d - +2 robe {MR+}
rPois    .         Spirit   .   P - +0 helmet
rElec    .         Reflect  .   y - +2 cloak
rCorr    .         Harm     .   f - +2 pair of gloves
MR       ++...                  (no boots)
Stlth    +++.......             (no amulet)
HPRegen  0.20/turn              G - ring of protection from cold
MPRegen  0.21/turn              (no ring)

@: hasted, very quick
A: clever 1
a: Renounce Religion


You were on level 11 of the Dungeon.
You worshipped Vehumet.
Vehumet was greatly pleased with you.
You were not hungry.

You visited 2 branches of the dungeon, and saw 13 of its levels.

You collected 763 gold pieces.

Inventory:

Hand Weapons
 e - a +0 blowgun
 u - a +2 short sword of protection
 M - a +1 dagger of venom
 X - a +2 long sword (weapon)
Missiles
 g - 64 poisoned needles
 i - 243 stones
 v - 4 tomahawks (quivered)
 B - a throwing net
 T - 5 needles of confusion
Armour
 d - a +2 robe of magic resistance (worn)
 f - a +2 pair of gloves (worn)
 s - a +2 robe of fire resistance
 y - a +2 cloak (worn)
 P - a +0 helmet (worn)
Jewellery
 G - a ring of protection from cold (left hand)
Wands
 m - a wand of paralysis (14)
 n - a wand of iceblast (5)
 r - a wand of digging (8)
 x - a wand of flame (67)
 R - a wand of enslavement (17)
 U - a wand of acid (10)
Scrolls
 h - 4 scrolls of enchant armour
 j - 8 scrolls of remove curse
 o - a scroll of identify
 p - a scroll of fear
 t - a scroll of acquirement {unknown}
 w - 3 scrolls of amnesia
 C - a scroll of fog
 D - 5 scrolls of immolation
 I - 2 scrolls of magic mapping
 K - a scroll of summoning
 O - 2 scrolls of enchant weapon
 Q - a scroll of vulnerability
 V - a scroll of blinking
Potions
 a - a potion of agility
 l - 6 potions of curing
 q - a potion of haste
 A - a potion of mutation
 N - a potion of heal wounds
Books
 b - a book of Conjurations

   Spells                             Type                      Level
   a - Magic Dart                     Conjuration                  1
   b - Searing Ray                    Conjuration                  2
   c - Dazzling Spray                 Conjuration/Hexes            3
   d - Fulminant Prism                Conjuration/Hexes            4
   e - Force Lance                    Conjuration/Translocation    4
   f - Iskenderun's Mystic Blast      Conjuration                  4
 k - a book of Clouds

   Spells                             Type                      Level
   a - Poisonous Vapours              Poison/Air                   2
   b - Mephitic Cloud                 Conjuration/Poison/Air       3
   c - Conjure Flame                  Conjuration/Fire             3
   d - Freezing Cloud                 Conjuration/Ice/Air          6
   e - Ring of Flames                 Charms/Fire                  7
 F - a book of Air

   Spells                             Type                      Level
   a - Shock                          Conjuration/Air              1
   b - Swiftness                      Charms/Air                   2
   c - Static Discharge               Conjuration/Air              3
   d - Airstrike                      Air                          4
   e - Lightning Bolt                 Conjuration/Air              5
 L - a book of Misfortune

   Spells                             Type                      Level
   a - Confusing Touch                Hexes                        1
   b - Confuse                        Hexes                        3
   c - Gell's Gravitas                Translocation                3
   d - Petrify                        Transmutation/Earth          4
   e - Metabolic Englaciation         Hexes/Ice                    5
   f - Yara's Violent Unravelling     Hexes/Transmutation          5
Comestibles
 c - 8 rations


   Skills:
 * Level 4.3 Fighting
 * Level 6.1(6.2) Short Blades
 + Level 0.7(3.5) Long Blades
 * Level 4.5 Throwing
 * Level 8.3 Dodging
 + Level 5.4 Stealth
 * Level 12.3 Spellcasting
 * Level 9.7 Conjurations
 * Level 5.4 Hexes
 * Level 3.4 Translocations
 * Level 1.1 Air Magic
 * Level 3.7 Evocations


You had one spell level left.
You knew the following spells:

 Your Spells              Type           Power        Failure   Level  Hunger
a - Confuse               Hex            #####...     1%          3    None
b - Freezing Cloud        Conj/Ice/Air   ####......   30%         6    #####..
c - Fulminant Prism       Conj/Hex       ######....   1%          4    None
d - Iskenderun's Mystic   Conj           ######..     1%          4    None
e - Force Lance           Conj/Tloc      ######..     1%          4    None
f - Lightning Bolt        Conj/Air       #####.....   3%          5    ###....
g - Dazzling Spray        Conj/Hex       ######       1%          3    None
h - Airstrike             Air            ###.......   6%          4    None


Dungeon Overview and Level Annotations

Branches:
Dungeon (12/15)            Temple (1/1) D:4            Lair (0/6) D:9
    Orc: D:9-12

Altars:
Ashenzari
Cheibriados
Dithmenos
Elyvilon
Fedhas
Gozag
Hepliaklqana
Kikubaaqudgha
Makhleb
Nemelex Xobeh
Okawaru
Qazlal
Ru
Sif Muna
Trog
Uskayaw
Vehumet
Wu Jian
Xom
Yredelemnul
Zin
The Shining One

Shops:
D:7 (   D:10 (


Innate Abilities, Weirdness & Mutations

Your mind is acute. (Int +2)


Message History

The six-headed hydra bites you but does no damage.
The six-headed hydra closely misses you.
The six-headed hydra bites you! The six-headed hydra bites you.
The six-headed hydra bites you!
Casting: Force Lance
Confirm with . or Enter, or press ? or * to list all spells.
Aiming: Confuse
Press: ? - help, Shift-Dir - straight line, f/p - six-headed hydra
Aim: a six-headed hydra (heavily wounded, chance to defeat MR: 34%)
The six-headed hydra easily resists.
The six-headed hydra misses you.
You riposte.
You slash the six-headed hydra!
The six-headed hydra is severely wounded.
The six-headed hydra bites you.
The six-headed hydra bites you but does no damage.
The six-headed hydra bites you. The six-headed hydra bites you! x2
* * * LOW HITPOINT WARNING * * *
You feel yourself speed up. The six-headed hydra bites you.
* * * LOW HITPOINT WARNING * * *
The six-headed hydra bites you!
You die...

######.## ##.## #.##....#
.......#### #.# #.#####.#
###.......# #.# ###.###..####
###.#..##.# ##'## #:...........
#......##.###...## #.####.#.###.
#.#.#.###.##.....## #.####.#.# #.
#.#...# #.#.......###.##.#.#.# #.
#.#...###..........##.#....).###[
................@D.[........))[..
......####.........##.#....#.###[
...[.## ##.......###.##.#.#[###[
.....# ##.....## #...).....[[[
.....# ##...########)########
##.### #.......# #.# #.#
#..####.# #.# #.# #..# #.# #.#
#.# #..####.####.# #


You could see a six-headed hydra.

Vanquished Creatures
  The ghost of wojtek the Cleaver, a novice MiFi of Makhleb (D:8)
  2 unseen horrors
  Pikel (D:7)
  3 ugly things (D:11)
  2 hippogriffs
  Sigmund (D:3)
  A human (D:8)
  16 yaks
  5 black bears
  4 orc warriors
  Duvessa (D:7)
  A sky beast (D:11)
  2 ice beasts
  A slave (D:7)
  7 ogres
  3 phantoms
  The ghost of Ymberto the Skirmisher, an amateur HuHu (D:3)
  4 centaurs
  A crocodile (D:9)
  5 bullfrogs
  A scorpion (D:5)
  Dowan (D:7)
  18 wights
  2 howler monkeys
  7 crimson imps
  3 jellies
  A quasit (D:6)
  2 bullfrog zombies
  5 orc priests
  2 centaur skeletons
  A gnoll shaman (D:6)
  3 hounds
  16 orc wizards
  A bullfrog skeleton (D:7)
  An iguana (D:5)
  12 worker ants
  2 worker ant zombies (D:5)
  7 gnolls (D:6)
  10 adders
  A river rat (D:3)
  A shadow imp (D:5)
  3 oozes
  An adder skeleton (D:8)
  3 dart slugs
  6 leopard geckos
  45 orcs
  4 giant cockroaches (D:3)
  11 goblins
  9 hobgoblins
  15 jackals
  12 kobolds
  A quokka (D:9)
  10 bats
  4 frilled lizards
  2 jackal skeletons
  A jackal zombie (D:7)
  A quokka zombie (D:8)
  10 rats
297 creatures vanquished.

Vanquished Creatures (others)
  111 fulminant prisms
  4 fungi (D:9)
115 creatures vanquished.

Grand Total: 412 creatures vanquished

Notes
Turn   | Place    | Note
-------+----------+-------------------------------------------
     0 | D:1      | beigtais the Deep Elf Conjurer began the quest for the Orb.
     0 | D:1      | Reached XP level 1. HP: 10/10 MP: 6/6
   168 | D:1      | Reached XP level 2. HP: 4/15 MP: 0/8
   513 | D:1      | Reached skill level 5 in Conjurations
   673 | D:1      | Learned a level 2 spell: Searing Ray
   840 | D:1      | Reached XP level 3. HP: 20/20 MP: 6/9
  1386 | D:1      | Gained mutation: Your mind is acute. (Int +2) [potion of mutation]
  1386 | D:1      | Gained mutation: You are frail. (-10% HP) [potion of mutation]
  1386 | D:1      | Lost mutation: You are frail. (-10% HP) [potion of mutation]
  2340 | D:3      | Reached XP level 4. HP: 23/24 MP: 7/11
  2625 | D:3      | Noticed Ymberto's ghost (amateur HuHu)
  2771 | D:3      | Killed Ymberto's ghost
  2771 | D:3      | Reached skill level 1 in Fighting
  2771 | D:3      | Reached XP level 5. HP: 21/29 MP: 1/12
  2974 | D:4      | Noticed an ogre
  2976 | D:4      | Reached skill level 4 in Spellcasting
  3003 | D:3      | Reached skill level 1 in Short Blades
  3082 | D:2      | Learned a level 4 spell: Fulminant Prism
  3087 | D:2      | Learned a level 4 spell: Iskenderun's Mystic Blast
  3260 | D:3      | Noticed Sigmund
  3295 | D:3      | Killed Sigmund
  3295 | D:3      | Reached XP level 6. HP: 34/34 MP: 7/15
  3687 | D:3      | Reached skill level 5 in Spellcasting
  3837 | D:3      | Learned a level 4 spell: Force Lance
  4272 | D:4      | Reached XP level 7. HP: 39/39 MP: 8/16
  4603 | D:4      | Found a sparkling altar of Nemelex Xobeh.
  5313 | D:4      | Found a staircase to the Ecumenical Temple.
  5322 | Temple   | Entered the Ecumenical Temple
  5883 | D:5      | Entered Level 5 of the Dungeon
  6005 | D:5      | Reached skill level 6 in Spellcasting
  6325 | D:5      | Found a radiant altar of Vehumet.
  6337 | D:5      | Became a worshipper of Vehumet
  6562 | D:5      | Reached XP level 8. HP: 44/44 MP: 11/20
  6562 | D:5      | Reached skill level 1 in Hexes
  6815 | D:5      | Reached skill level 7 in Spellcasting
  7301 | D:5      | Killed an unseen horror
  7301 | D:5      | Reached skill level 5 in Dodging
  7301 | D:5      | Reached skill level 8 in Spellcasting
  7740 | D:5      | Found a shimmering altar of Xom.
  7740 | D:5      | Found an ornate altar of the Wu Jian Council.
  7741 | D:5      | Found a shattered altar of Ashenzari.
  7745 | D:5      | Found a shadowy altar of Dithmenos.
  8110 | D:5      | Found a bloodstained altar of Trog.
  8187 | D:6      | Reached * piety under Vehumet
  8187 | D:6      | Offered knowledge of Flame Tongue by Vehumet.
  8558 | D:6      | Reached XP level 9. HP: 48/48 MP: 10/23
  9003 | D:6      | Reached skill level 9 in Spellcasting
  9661 | D:6      | Learned a level 5 spell: Lightning Bolt
 10773 | D:7      | Noticed Duvessa
 10773 | D:7      | Noticed Dowan
 10781 | D:7      | Killed Dowan
 10786 | D:7      | Killed Duvessa
 10786 | D:7      | Reached skill level 10 in Spellcasting
 11281 | D:7      | Noticed Pikel
 11294 | D:7      | Killed Pikel
 11294 | D:7      | Reached skill level 5 in Stealth
 11294 | D:7      | Reached skill level 1 in Translocations
 11819 | D:7      | Found Uzahel's Antique Weapon Shop.
 11977 | D:8      | Reached ** piety under Vehumet
 12030 | D:8      | Offered knowledge of Throw Flame by Vehumet.
 12030 | D:8      | Reached XP level 10. HP: 54/54 MP: 8/26
 12035 | D:8      | Learned a level 3 spell: Confuse
 12333 | D:7      | Learned a level 3 spell: Dazzling Spray
 12516 | D:8      | Noticed wojtek's ghost (novice MiFi)
 13273 | D:8      | Killed wojtek's ghost
 13273 | D:8      | Reached skill level 5 in Short Blades
 13273 | D:8      | Reached skill level 1 in Evocations
 13798 | D:9      | Reached skill level 11 in Spellcasting
 14064 | D:9      | Found a staircase to the Lair.
 14605 | D:9      | Offered knowledge of Conjure Flame by Vehumet.
 15266 | D:10     | Entered Level 10 of the Dungeon
 15327 | D:10     | Reached *** piety under Vehumet
 15727 | D:10     | Reached XP level 11. HP: 60/60 MP: 20/28
 15896 | D:10     | Got a translucent trident
 15917 | D:10     | Found Aweoffae's Weapon Boutique.
 16308 | D:11     | Reached skill level 5 in Hexes
 16370 | D:11     | Noticed a brown ugly thing
 16382 | D:11     | Killed a brown ugly thing
 16609 | D:11     | Offered knowledge of Olgreb's Toxic Radiance by Vehumet.
 16618 | D:11     | Noticed a purple ugly thing
 16626 | D:11     | Killed a purple ugly thing
 17294 | D:11     | Learned a level 4 spell: Airstrike
 17625 | D:11     | Killed an unseen horror
 17625 | D:11     | Reached skill level 12 in Spellcasting
 17819 | D:11     | Learned a level 6 spell: Freezing Cloud
 17944 | D:11     | Noticed a brown ugly thing
 17952 | D:11     | Killed a brown ugly thing
 18197 | D:11     | Reached **** piety under Vehumet
 18423 | D:12     | Reached skill level 1 in Air Magic
 18426 | D:12     | Noticed a six-headed hydra
 18477 | D:11     | Mangled by a six-headed hydra

Skill      XL: |  1  2  3  4  5  6  7  8  9 10 11 |
---------------+----------------------------------+-----
Conjurations   | 5 6 7 8 9 |  9.7
Fighting       | 1 2 3 4 |  4.3
Dodging        | 3 4 6 7 8 |  8.3
Stealth        | 3 4 5 |  5.4
Spellcasting   | 4 5 6 8 10 11 12 | 12.3
Short Blades   | 1 2 3 4 5 6 |  6.1
Hexes          | 2 3 4 5 |  5.4
Throwing       | 2 4 |  4.5
Translocations | 1 3 |  3.4
Evocations     | 2 3 |  3.7
Air Magic      | 1 |  1.1
Long Blades    | |  0.7

Action                   |  1- 3 |  4- 6 |  7- 9 | 10-12 || total
-------------------------+-------+-------+-------+-------++-------
Melee: Dagger            |     1 |    24 |    92 |    22 ||   139
       Long sword        |       |       |       |     3 ||     3
Throw: Stone             |       |     7 |    38 |     6 ||    51
       Tomahawk          |       |       |    20 |    18 ||    38
 Cast: Magic Dart        |    80 |    64 |    45 |       ||   189
       Searing Ray       |     1 |     7 |     3 |       ||    11
       Iskenderun's Myst |       |     8 |    57 |    52 ||   117
       Fulminant Prism   |       |     4 |    46 |    61 ||   111
       Force Lance       |       |       |    21 |    49 ||    70
       Lightning Bolt    |       |       |     3 |     1 ||     4
       Dazzling Spray    |       |       |       |     3 ||     3
       Airstrike         |       |       |       |     8 ||     8
       Confuse           |       |       |       |     1 ||     1
Evoke: Wand              |       |     3 |       |     8 ||    11
  Use: Scroll            |     9 |       |     7 |    10 ||    26
       Potion            |     6 |     1 |     1 |     7 ||    15
 Stab: Sleeping          |     1 |     1 |     2 |     1 ||     5
  Eat: Chunk             |     4 |     8 |     9 |    14 ||    35
       Ration            |       |       |     6 |     2 ||     8
Armor: Robe              |     3 |     8 |    48 |    23 ||    82
Dodge: Dodged            |    13 |    43 |   107 |    62 ||   225
       Rpst.: Long sword |       |       |       |     2 ||     2
